 Dungeon Crawl Stone Soup version 0.32-a0-818-gb728d0252e (webtiles) character file.

Game seed: 4931017708331371925

275 shadizar the Conjurer (level 6, -8/44 HPs)
             Began as a Gnoll Conjurer on Mar 23, 2024.
             Mangled by a black bear (10 damage)
             ... on level 3 of the Dungeon.
             The game lasted 00:02:52 (2602 turns).

shadizar the Conjurer (Gnoll Conjurer)              Turns: 2602, Time: 00:02:52

Health: -8/44      AC:  3    Str:  6    XL:     6   Next: 24%
Magic:  6/14       EV: 12    Int: 19    God:
Gold:   117        SH:  0    Dex: 11    Spells: 12/15 levels left

rFire   + . .        s - staff of fire
rCold   . . .        (no shield)
rNeg    . . .        t - +0 robe {Will+}
rPois   +            (no helmet)
rElec   .            (no cloak)
rCorr   .            h - +0 pair of gloves
SInv    +            (no boots)
Will    +....        (no amulet)
Stlth   +++          m - ring of see invisible
HPRegen 0.27/turn    j - ring of poison resistance
MPRegen 0.14/turn

%: no passive effects
@: no status effects
A: fangs 1, strong nose, distributed training
a: no special abilities


You were on level 3 of the Dungeon.
You visited 1 branch of the dungeon, and saw 5 of its levels.

You collected 117 gold pieces.

Inventory:

Armour
 a - a +0 scale mail
 h - a +0 pair of gloves (worn)
 t - a +0 robe of willpower (worn)
Magical Staves
 s - a staff of fire (weapon)
Jewellery
 j - a ring of poison resistance (right hand)
 m - a ring of see invisible (left hand)
Scrolls
 c - 2 scrolls of blinking {unknown}
 d - a scroll of enchant armour {unknown}
 e - a scroll of brand weapon {unknown}
 g - a scroll of vulnerability {unknown}
 i - 2 scrolls of identify {unknown}
 k - 2 scrolls of teleportation {unknown}
 n - a scroll of silence {unknown}
 o - a scroll of fog {unknown}
Potions
 b - a potion of magic
 f - 3 potions of curing {unknown}
 l - a potion of lignification {unknown}
 p - a potion of brilliance {unknown}
 q - 2 potions of haste {unknown}
 r - a potion of invisibility {unknown}


   Skills:
 + Level 2.0 Fighting
 + Level 2.0 Short Blades
 + Level 2.0 Long Blades
 + Level 2.0 Axes
 + Level 2.0 Maces & Flails
 + Level 2.0 Polearms
 + Level 2.0 Staves
 + Level 2.0 Ranged Weapons
 + Level 2.0 Throwing
 + Level 2.0 Armour
 + Level 5.0 Dodging
 + Level 4.6 Stealth
 + Level 2.0 Shields
 + Level 2.0 Unarmed Combat
 + Level 5.3 Spellcasting
 + Level 7.3 Conjurations
 + Level 1.5 Hexes
 + Level 1.5 Summonings
 + Level 1.5 Necromancy
 + Level 1.5 Translocations
 + Level 1.5 Fire Magic
 + Level 1.5 Ice Magic
 + Level 1.5 Air Magic
 + Level 1.5 Earth Magic
 + Level 1.5 Alchemy
 + Level 2.1 Invocations
 + Level 2.0 Evocations
 + Level 1.7 Shapeshifting


You had 12 spell levels left.
You knew the following spells:

 Your Spells              Type           Power      Damage    Failure   Level
a - Magic Dart            Conj           100%       1d8       1%          1
b - Searing Ray           Conj           64%        2d6       1%          2

Your spell library contained the following spells:

 Spells                   Type           Power      Damage    Failure   Level
 Lesser Beckoning         Tloc           22%        N/A       10%         2
 Gell's Gravitas          Tloc           11%        N/A       19%         3
 Teleport Other           Tloc           11%        N/A       19%         3
 Fulminant Prism          Conj/Alch      10%        3d9       19%         4
 Iskenderun's Mystic Bla  Conj/Tloc      21%        2d6       19%         4


Dungeon Overview and Level Annotations

Branches:
Dungeon (5/15)
 Temple: D:4-7

Altars:
Xom


Innate Abilities, Weirdness & Mutations

You have very sharp teeth.
Your uncanny sense of smell can sniff out nearby items.
Your experience applies equally to all skills.


Message History

The black bear bites you but does no damage.
The black bear closely misses you. The black bear claws you.
The searing ray misses the black bear.
The black bear completely misses you. The black bear claws you.
The black bear barely misses you.
The searing ray hits the black bear.
The black bear is heavily wounded.
You finish channelling your searing ray.
The black bear bites you. The black bear claws you. x2
Casting: Searing Ray (safe; 1% risk of failure)
Confirm with . or Enter, or press ? or * to list all spells.
Aiming: Searing Ray (safe; 1% risk of failure)
Press: ? - help, Shift-Dir - straight line, f/p - black bear
Aim: a black bear (heavily wounded, 86% to hit)
The searing ray hits the black bear!
The black bear is severely wounded. (Press . to maintain the ray.)
The black bear goes berserk!
Unknown command.
Unknown command.
Unknown command.
Unknown command.
Unknown command.
The searing ray hits the black bear.
The black bear is almost dead.
The black bear bites you. The black bear claws you.
The black bear claws you but does no damage.
The black bear bites you!
* * * LOW HITPOINT WARNING * * *
The black bear claws you.
* * * LOW HITPOINT WARNING * * *
The black bear claws you.
* * * LOW HITPOINT WARNING * * *
Unknown command.
Unknown command.
Unknown command.
Unknown command.
The searing ray hits the black bear.
The black bear is almost dead.
The black bear bites you!
You die...

...# #.#......#
##.## #.# ####
#.#.#.#### #.# #.#
#.#.#.# #.# #.#
#.....# #+## #.# ##
####.#### #...## #.#
.# #.......#
##.....####.#. .#
#.#####.#
##.......##.###
.#######.#
#.####.........##.#.
.........#
#..@h'.........+....
.#######.#
#.####.........####.
.# #.#####.#
##>......# #. .#
#.......#
##.....######. .#
###.#####
#...###..... .#
#.######### #+##
#.###. .#
#.........# #. .#
#..######.# #### .#
##..# #.# ....


You could see a black bear (berserk).

Vanquished Creatures
  Sigmund (D:3)
  An orc wizard (D:3)
  An adder (D:2)
  A white imp (D:3)
  A ribbon worm (D:3)
  3 dart slugs
  3 orcs (D:3)
  5 bats
  4 endoplasms
  4 giant cockroaches
  5 goblins
  6 hobgoblins
  2 quokkas
  6 ball pythons
  2 frilled lizards
  4 kobolds
  5 rats
54 creatures vanquished.

Notes
Turn   | Place    | Note
-------+----------+-------------------------------------------
     0 | D:1      | shadizar the Gnoll Conjurer began the quest for the Orb.
     0 | D:1      | Reached XP level 1. HP: 13/13 MP: 6/6
   143 | D:1      | Reached XP level 2. HP: 19/19 MP: 5/7
   600 | D:1      | Reached skill level 5 in Spellcasting
   600 | D:1      | Reached XP level 3. HP: 25/25 MP: 6/9
  1284 | D:2      | Reached skill level 1 in Invocations
  1499 | D:3      | Reached skill level 1 in Fighting
  1499 | D:3      | Reached skill level 1 in Short Blades
  1499 | D:3      | Reached skill level 1 in Long Blades
  1499 | D:3      | Reached skill level 1 in Axes
  1499 | D:3      | Reached skill level 1 in Maces & Flails
  1499 | D:3      | Reached skill level 1 in Polearms
  1499 | D:3      | Reached skill level 1 in Staves
  1499 | D:3      | Reached skill level 1 in Ranged Weapons
  1499 | D:3      | Reached skill level 1 in Throwing
  1499 | D:3      | Reached skill level 1 in Armour
  1499 | D:3      | Reached skill level 1 in Shields
  1499 | D:3      | Reached skill level 1 in Unarmed Combat
  1499 | D:3      | Reached skill level 1 in Evocations
  1757 | D:3      | Reached skill level 1 in Shapeshifting
  1757 | D:3      | Reached XP level 4. HP: 32/32 MP: 6/11
  1773 | D:3      | Reached skill level 1 in Hexes
  1773 | D:3      | Reached skill level 1 in Summonings
  1773 | D:3      | Reached skill level 1 in Necromancy
  1773 | D:3      | Reached skill level 1 in Translocations
  1773 | D:3      | Reached skill level 1 in Fire Magic
  1773 | D:3      | Reached skill level 1 in Ice Magic
  1773 | D:3      | Reached skill level 1 in Air Magic
  1773 | D:3      | Reached skill level 1 in Earth Magic
  1773 | D:3      | Reached skill level 1 in Alchemy
  2104 | D:3      | Noticed Sigmund
  2113 | D:3      | Killed Sigmund
  2114 | D:3      | Reached skill level 5 in Dodging
  2114 | D:3      | Reached XP level 5. HP: 24/38 MP: 5/12
  2114 | D:3      | Reached XP level 6. HP: 28/44 MP: 5/14
  2116 | D:3      | Found a shimmering altar of Xom.
  2208 | D:3      | Found a shimmering altar of Xom.
  2212 | D:3      | Learned a level 2 spell: Searing Ray
  2581 | D:3      | You fall into a shaft and drop 2 floors!
  2581 | D:5      | Entered Level 5 of the Dungeon
  2585 | D:4      | Noticed a black bear
  2601 | D:3      | HP: 2/44 [black bear (5)]
  2602 | D:3      | Mangled by a black bear

Illustrated notes

Levels and vault maps discovered:
D:1:      eino_arrival_tree_alley, layout_rooms, minmay_tree_intersection,
          minmay_misc_feat_alley, grunt_decor_arrowhead
D:2:      layout_loops_ring
D:3:      layout_loops_corners, xom_redecorated, kennysheep_generic_room_6,
          uniq_sigmund
D:4:      dreamdust_elfheim, layout_gridville, uniq_robin, uniq_eustachio
D:5:      layout_rooms, chequers_temple_overflow_minitemple,
          gammafunk_ghost_split, uniq_ijyb, uniq_pikel

Skill      XL: |  1  2  3  4  5  6 |
---------------+-------------------+-----
Spellcasting   | 5 |  5.3
Invocations    | 1 2 |  2.1
Fighting       | 1 2 |  2.0
Short Blades   | 1 2 |  2.0
Long Blades    | 1 2 |  2.0
Axes           | 1 2 |  2.0
Maces & Flails | 1 2 |  2.0
Polearms       | 1 2 |  2.0
Staves         | 1 2 |  2.0
Ranged Weapons | 1 2 |  2.0
Throwing       | 1 2 |  2.0
Armour         | 1 2 |  2.0
Shields        | 1 2 |  2.0
Unarmed Combat | 1 2 |  2.0
Evocations     | 1 2 |  2.0
Shapeshifting  | 1 |  1.7
Hexes          | 1 |  1.5
Summonings     | 1 |  1.5
Necromancy     | 1 |  1.5
Translocations | 1 |  1.5
Fire Magic     | 1 |  1.5
Ice Magic      | 1 |  1.5
Air Magic      | 1 |  1.5
Earth Magic    | 1 |  1.5
Alchemy        | 1 |  1.5
Dodging        | 5 |  5.0
Stealth        | |  4.6
Conjurations   | |  7.3

Action                     |  1- 3 |  4- 6 || total
---------------------------+-------+-------++-------
   Cast: Magic Dart        |    56 |    48 ||   104
         Searing Ray       |       |     2 ||     2
 Armour: Robe              |       |    28 ||    28
  Dodge: Dodged            |     3 |    11 ||    14

Table legend: (Time is in decaauts)
 A = Elapsed time spent in this place.
 B = Non-inter-level travel time spent in this place.
 C = Inter-level travel time spent in this place.
 D = Time resting spent in this place.
 E = Time spent auto-exploring this place.
 F = Levels seen in this place.
 G = Mean time per level.
                   A        B        C        D        E       F      G
               +--------+--------+--------+--------+--------+-----+--------+
         Total |   2600 |   2578 |     22 |      0 |   2316 |   5 |  520.0 |
       Dungeon |   2600 |   2578 |     22 |      0 |   2316 |   5 |  520.0 |
               +--------+--------+--------+--------+--------+-----+--------+

Top non-repeatable levels by time:
     D:3: 1095 daAuts
     D:1: 791 daAuts
     D:2: 704 daAuts
     D:4: 4 daAuts
     D:5: 3 daAuts
